 Dungeon Sprint DCSS version 0.28.0-43-g3370ac3207 (webtiles) character file.

Game seed: 1177296924805285251

7800000 smarlow the Plane Walker (level 25, -105/280 HPs)
             Began as a Deep Dwarf Warper on Mar 8, 2022.
             Was the Champion of Makhleb.
             Annihilated by The Servant
             ... wielding a +9 glaive of flaming
              (114 damage)
             ... in the Dungeon (Sprint VIII: "Arena of Blood").
             The game lasted 00:04:00 (78 turns).

smarlow the Plane Walker (Deep Dwarf Warper)          Turns: 78, Time: 00:04:01

Health: -105/280   AC:  6    Str: 18    XL:     25   Next: 71%
Magic:  15/54      EV: 32    Int: 15    God:    Makhleb [******]
Gold:   0          SH:  0    Dex: 20    Spells: 78/78 levels left

rFire   . . .      SeeInvis +   j - +∞ Axe of Woe
rCold   . . .      Faith    .   (shield currently unavailable)
rNeg    + . .      Spirit   .   b - +0 leather armour
rPois   .          Reflect  .   (no helmet)
rElec   .          Harm     .   (no cloak)
rCorr   .          Rampage  .   (no gloves)
Will    +++..      NoTele   +   (no boots)
Stlth   ++++++++++              (no amulet)
HPRegen 0.00/turn               g - ring of see invisible
MPRegen 0.34/turn               (no ring)

@: no status effects
A: damage resistance, heal wounds, negative energy resistance 1, sense
surroundings 3, no regeneration
a: Heal Wounds, Renounce Religion, Minor Destruction, Lesser Servant of Makhleb,
Major Destruction, Greater Servant of Makhleb


You were in the Dungeon.
You worshipped Makhleb.
Makhleb was exalted by your worship.
You visited 1 branch

Inventory:

Hand Weapons
 a - a +0 hand axe
 j - the +∞ Axe of Woe (weapon)
   (You found it in the Dungeon)
Missiles
 d - 5 boomerangs of dispersal (quivered)
Armour
 b - a +0 leather armour (worn)
Jewellery
 g - a ring of see invisible (left hand)
Scrolls
 c - 2 scrolls of blinking
Potions
 e - a potion of curing
 f - a potion of heal wounds
 h - 2 potions of magic
 i - a potion of berserk rage


   Skills:
 O Level 27 Fighting
 + Level 18.4(21.1) Short Blades
 + Level 19.0(22.4) Long Blades
 O Level 27 Axes
 + Level 19.0(26.6) Maces & Flails
 + Level 17.6(24.7) Polearms
 + Level 17.6(22.9) Staves
 + Level 20.5(27) Slings
 + Level 15.0 Bows
 + Level 20.5 Crossbows
 O Level 27 Throwing
 O Level 27 Armour
 O Level 27 Dodging
 O Level 27 Stealth
 + Level 20.6 Shields
 + Level 17.6 Unarmed Combat
 O Level 27 Spellcasting
 + Level 18.7 Conjurations
 + Level 17.0 Hexes
 + Level 18.4 Summonings
 + Level 21.5 Necromancy
 O Level 27 Translocations
 + Level 18.4 Transmutations
 + Level 19.4 Fire Magic
 + Level 19.4 Ice Magic
 + Level 16.6 Air Magic
 + Level 26.4 Earth Magic
 + Level 18.0 Poison Magic
 + Level 26.4 Invocations
 + Level 26.4 Evocations


You had 78 spell levels left.
You didn't know any spells.
Your spell library contained the following spells:

 Spells                   Type           Power      Damage    Failure   Level
 Blink                    Tloc           100%       N/A       0%          2
 Gell's Gravitas          Tloc           79%        N/A       0%          3
 Lesser Beckoning         Tloc           79%        N/A       0%          3
 Teleport Other           Tloc           79%        N/A       0%          3
 Manifold Assault         Tloc           79%        N/A       0%          5


Dungeon Overview and Level Annotations

Branches:
Dungeon (1/1)

Altars:
Makhleb

Annotations:
D The Servant


Innate Abilities, Weirdness & Mutations

You are resistant to damage.
You can heal yourself by infusing magical energy.
You resist negative energy. (rN+)
You passively map a large area around you.
You do not regenerate.


Message History

You hear a shout! x2
The Servant is engulfed in blazing flames.
The Servant hits you from afar with a +9 glaive of flaming!!!
* * * LOW HITPOINT WARNING * * *
The Servant burns you!
* * * LOW HITPOINT WARNING * * *
You hear a shout!
The tyrant is engulfed in blazing flames.
The tyrant mumbles some strange words.
You hear a shout! x2
The large abomination is engulfed in blazing flames.
The eight-headed meat hydra calls on the powers of darkness!
The eight-headed meat hydra convulses!
The bag of meat convulses!
The Servant convulses!
Your body is wracked with pain!
* * * LOW HITPOINT WARNING * * *
The bag of meat convulses!
The meat berserker convulses! x3
You hear a shout! x2
The meat berserker rages. x2
You hear a shout!
A meat berserker comes into view. It is wielding a +9 battleaxe.
You hear a shout!
You are too injured to fight recklessly!
You chop the large abomination into pieces!!!
You slaughter the large abomination joyfully.
You destroy the large abomination!
The large abomination disappears in a puff of smoke!
You slice the large abomination!!
You pulverise the large abomination into a thin bloody mist.
You destroy the large abomination!
The large abomination disappears in a puff of smoke!
You are engulfed in blazing flames.
* * * LOW HITPOINT WARNING * * *
The large abomination disappears in a puff of smoke! x4
You hear a shout!
The destroyer gestures at you while chanting.
The destroyer blinks!
A meat beast comes into view.
The Servant is engulfed in blazing flames.
The Servant hits you from afar with a +9 glaive of flaming!!!!
You die...

################
####......)§....... * *
##....§.).)..)...... ,
* **
......)@)##)##.#####.,,
* *
,.....V.§°@§.)))......
* ,
..####D§Lzo##)##.... ,
,, ,.X§§XX§X)°..§....
,, .....X.o))#.#..... ,
, #.......))O........ ,
, *
.#......))OO2......,,
,, *
,,...#.....)O)).......
,, ....O...).....§..


You could see a tentacled monstrosity (summoned), a meat beast (fast), a tyrant,
The Servant, an eight-headed meat hydra, a destroyer, a sculptor of flesh, 4
large abominations, 4 meat berserkers and 2 bags of meat.

Vanquished Creatures
  A hell beast (D)
  A royal mummy (D)
  15 vampire knights (D)
  15 ogres (D)
  5 two-headed ogres (D)
  2 liches (D)
  A hydra (D)
  31 orcs (D)
  3 skeletal warriors (D)
74 creatures vanquished.

Notes
Turn   | Place    | Note
-------+----------+-------------------------------------------
     0 | D        | Found the +∞ Axe of Woe
     0 | D        | smarlow the Deep Dwarf Warper began the quest for the Orb.
     0 | D        | Reached XP level 1. HP: 19/19 MP: 3/3
     3 | D        | Noticed a bag of meat
     3 | D        | Became a worshipper of Makhleb the Destroyer
     3 | D        | Noticed a bag of meat
     5 | D        | Noticed a bag of meat
     5 | D        | Noticed a meat berserker
     6 | D        | Noticed a bag of meat
     6 | D        | Noticed a bag of meat
     8 | D        | Noticed a meat berserker
     9 | D        | Noticed a bag of meat
     9 | D        | Noticed a bag of meat
    10 | D        | Killed a bag of meat
    10 | D        | Noticed a bag of meat
    10 | D        | Noticed a bag of meat
    11 | D        | Reached skill level 10 in Dodging
    11 | D        | Reached XP level 2. HP: 39/39 MP: 3/12
    11 | D        | Reached XP level 3. HP: 45/45 MP: 3/13
    11 | D        | Reached XP level 4. HP: 54/54 MP: 3/15
    11 | D        | Reached XP level 5. HP: 60/60 MP: 3/16
    11 | D        | Reached XP level 6. HP: 68/68 MP: 3/18
    11 | D        | Reached XP level 7. HP: 75/75 MP: 3/19
    11 | D        | Reached XP level 8. HP: 82/82 MP: 3/21
    11 | D        | Gained mutation: You passively map the area around you.
                  | [Deep Dwarf growth]
    11 | D        | Reached XP level 9. HP: 90/90 MP: 3/22
    11 | D        | Reached XP level 10. HP: 97/97 MP: 3/23
    11 | D        | Killed a meat berserker
    11 | D        | Reached * piety under Makhleb
    11 | D        | Noticed a bag of meat
    12 | D        | Reached skill level 10 in Fighting
    12 | D        | Reached XP level 11. HP: 110/110 MP: 3/26
    12 | D        | Reached XP level 12. HP: 117/117 MP: 3/27
    12 | D        | Noticed a large bag of meat
    12 | D        | Noticed a bag of meat
    12 | D        | Noticed a bag of meat
    12 | D        | Noticed a bag of meat
    12 | D        | Noticed a bag of meat
    13 | D        | Killed a bag of meat
    13 | D        | Noticed a meat berserker
    13 | D        | Noticed a meat berserker
    13 | D        | Noticed a bag of meat
    14 | D        | Reached skill level 15 in Axes
    14 | D        | Reached XP level 13. HP: 127/127 MP: 3/29
    14 | D        | Killed a bag of meat
    14 | D        | Killed a bag of meat
    14 | D        | Reached ** piety under Makhleb
    14 | D        | Noticed a bag of meat
    15 | D        | Noticed a meat berserker
    15 | D        | Noticed a bag of meat
    15 | D        | Noticed a bag of meat
    15 | D        | Noticed a bag of meat
    15 | D        | Noticed a bag of meat
    16 | D        | Killed a bag of meat
    16 | D        | Killed a bag of meat
    16 | D        | Killed a meat berserker
    16 | D        | Reached *** piety under Makhleb
    16 | D        | Killed a meat berserker
    16 | D        | Noticed a bag of meat
    17 | D        | Reached skill level 27 in Translocations
    17 | D        | Gained mutation: You resist negative energy. (rN+) [Deep
                  | Dwarf growth]
    17 | D        | Reached XP level 14. HP: 140/153 MP: 3/35
    17 | D        | Reached XP level 15. HP: 146/160 MP: 3/36
    17 | D        | Reached **** piety under Makhleb
    18 | D        | Noticed a meat berserker
    20 | D        | Reached XP level 16. HP: 177/177 MP: 4/39
    20 | D        | Killed a meat berserker
    20 | D        | Reached ***** piety under Makhleb
    21 | D        | Reached skill level 27 in Axes
    21 | D        | Reached skill level 5 in Throwing
    21 | D        | Reached skill level 5 in Armour
    22 | D        | Noticed a meat berserker
    23 | D        | Noticed a destroyer
    23 | D        | Noticed a destroyer
    24 | D        | Killed a large bag of meat
    24 | D        | Killed a meat berserker
    24 | D        | Reached ****** piety under Makhleb
    24 | D        | Noticed a meat berserker
    24 | D        | Noticed a destroyer
    25 | D        | Reached skill level 27 in Fighting
    25 | D        | Reached XP level 17. HP: 171/208 MP: 5/45
    25 | D        | Noticed a meat berserker
    25 | D        | Noticed a meat berserker
    25 | D        | Noticed a large bag of meat
    26 | D        | Killed a destroyer
    26 | D        | Noticed a destroyer
    27 | D        | Reached skill level 15 in Throwing
    27 | D        | Reached skill level 27 in Dodging
    27 | D        | Reached skill level 27 in Spellcasting
    27 | D        | Gained mutation: You passively map a large area around you.
                  | [Deep Dwarf growth]
    27 | D        | Reached XP level 18. HP: 218/218 MP: 5/49
    27 | D        | Killed a meat berserker
    27 | D        | Noticed a large bag of meat
    28 | D        | Noticed a large bag of meat
    28 | D        | Noticed an eight-headed meat hydra
    28 | D        | Noticed a destroyer
    28 | D        | Noticed a meat berserker
    29 | D        | Noticed a destroyer
    30 | D        | Noticed a sculptor of flesh
    30 | D        | Noticed The Servant
    31 | D        | Noticed a meat berserker
    31 | D        | Killed a nine-headed meat hydra
    31 | D        | Killed a destroyer
    31 | D        | Killed a large bag of meat
    31 | D        | Noticed a destroyer
    32 | D        | Reached skill level 27 in Armour
    32 | D        | Reached XP level 19. HP: 190/226 MP: 6/50
    33 | D        | Killed a meat berserker
    33 | D        | Killed a meat berserker
    33 | D        | Noticed a destroyer
    33 | D        | Noticed a meat berserker
    34 | D        | Reached skill level 27 in Throwing
    34 | D        | Killed a meat berserker
    34 | D        | Killed a destroyer
    34 | D        | Killed a destroyer
    35 | D        | Reached skill level 5 in Bows
    35 | D        | Reached skill level 5 in Hexes
    35 | D        | Reached skill level 10 in Earth Magic
    35 | D        | Reached skill level 10 in Invocations
    35 | D        | Reached skill level 10 in Evocations
    35 | D        | Reached XP level 20. HP: 227/236 MP: 6/51
    35 | D        | Noticed a large bag of meat
    36 | D        | Noticed a destroyer
    36 | D        | Killed a meat berserker
    37 | D        | Reached skill level 10 in Stealth
    37 | D        | Killed a destroyer
    38 | D        | Reached XP level 21. HP: 234/244 MP: 7/52
    38 | D        | Killed a destroyer
    38 | D        | Noticed a destroyer
    39 | D        | Reached skill level 10 in Long Blades
    39 | D        | Reached skill level 10 in Maces & Flails
    39 | D        | Reached skill level 10 in Conjurations
    39 | D        | Reached skill level 10 in Fire Magic
    39 | D        | Reached skill level 10 in Ice Magic
    40 | D        | Noticed a destroyer
    41 | D        | Reached skill level 10 in Short Blades
    41 | D        | Reached skill level 10 in Polearms
    41 | D        | Reached skill level 10 in Staves
    41 | D        | Reached skill level 10 in Unarmed Combat
    41 | D        | Reached skill level 10 in Summonings
    41 | D        | Reached skill level 10 in Transmutations
    41 | D        | Reached skill level 15 in Earth Magic
    41 | D        | Reached skill level 10 in Poison Magic
    41 | D        | Reached skill level 15 in Invocations
    41 | D        | Reached skill level 15 in Evocations
    41 | D        | Killed a large bag of meat
    41 | D        | Killed a destroyer
    41 | D        | Noticed a destroyer
    41 | D        | Noticed a destroyer
    42 | D        | Reached skill level 15 in Stealth
    42 | D        | Reached skill level 10 in Hexes
    42 | D        | Reached skill level 10 in Air Magic
    42 | D        | Reached XP level 22. HP: 235/254 MP: 7/53
    42 | D        | Killed a destroyer
    43 | D        | Killed a large bag of meat
    46 | D        | Reached skill level 10 in Bows
    46 | D        | Killed a destroyer
    46 | D        | Noticed a destroyer
    49 | D        | Reached skill level 15 in Slings
    49 | D        | Reached skill level 15 in Crossbows
    49 | D        | Reached skill level 15 in Shields
    49 | D        | Reached skill level 15 in Necromancy
    49 | D        | Reached XP level 23. HP: 164/262 MP: 9/54
    49 | D        | Noticed a tyrant
    49 | D        | Killed a destroyer
    51 | D        | Killed a tyrant
    52 | D        | Reached skill level 15 in Conjurations
    52 | D        | Reached skill level 15 in Fire Magic
    52 | D        | Reached skill level 15 in Ice Magic
    52 | D        | Noticed a tyrant
    54 | D        | Killed a destroyer
    55 | D        | Reached skill level 27 in Stealth
    57 | D        | Killed a destroyer
    58 | D        | Reached skill level 15 in Long Blades
    58 | D        | Reached skill level 15 in Maces & Flails
    58 | D        | Noticed an accursed
    61 | D        | Noticed a destroyer
    62 | D        | Noticed a tyrant
    63 | D        | Reached XP level 24. HP: 272/272 MP: 11/54
    64 | D        | Killed a destroyer
    65 | D        | Reached skill level 15 in Short Blades
    65 | D        | Reached skill level 15 in Summonings
    65 | D        | Reached skill level 15 in Transmutations
    65 | D        | Reached skill level 15 in Poison Magic
    67 | D        | Killed a destroyer
    68 | D        | Reached skill level 15 in Polearms
    68 | D        | Reached skill level 15 in Staves
    68 | D        | Reached skill level 15 in Unarmed Combat
    68 | D        | Noticed a meat beast
    69 | D        | Killed a tyrant
    71 | D        | Killed a destroyer
    71 | D        | Killed an accursed
    72 | D        | Reached skill level 15 in Hexes
    72 | D        | Reached skill level 15 in Air Magic
    72 | D        | Noticed a destroyer
    73 | D        | Reached XP level 25. HP: 148/280 MP: 13/54
    74 | D        | Killed a meat beast
    75 | D        | Killed a large bag of meat
    76 | D        | Reached skill level 15 in Bows
    78 | D        | HP: 9/280 [something (8)]
    78 | D        | Noticed a meat beast
    78 | D        | Annihilated by The Servant

Illustrated notes

Levels and vault maps discovered:
D:        meatsprint

Skill      XL: |  1  2  3  4  5  6  7  8  9 10 11 12 13 14 15 16 17 18 19 20 21 22 23 24 25 |
---------------+----------------------------------------------------------------------------+-----
Fighting       | 8 10 11 17 20 27 | 27.0
Axes           | 11 14 15 23 26 27 | 27.0
Throwing       | 2 3 4 7 15 26 27 | 27.0
Armour         | 3 4 8 17 27 | 27.0
Dodging        | 10 12 13 17 19 25 27 | 27.0
Spellcasting   | 9 11 12 17 19 24 27 | 27.0
Translocations | 19 23 24 27 | 27.0
Short Blades   | 6 8 10 13 14 17 18 | 18.4
Long Blades    | 7 9 11 14 15 17 19 | 19.0
Maces & Flails | 7 9 11 14 15 17 19 | 19.0
Polearms       | 6 8 10 13 14 16 17 | 17.6
Staves         | 6 8 10 13 14 16 17 | 17.6
Slings         | 7 9 12 15 17 19 20 | 20.5
Bows           | 5 6 9 11 12 14 15 | 15.0
Crossbows      | 7 9 12 15 17 19 20 | 20.5
Stealth        | 9 11 15 17 27 | 27.0
Shields        | 7 9 12 15 17 19 20 | 20.6
Unarmed Combat | 6 8 10 13 14 16 17 | 17.6
Conjurations   | 7 9 12 14 15 17 18 | 18.7
Hexes          | 5 7 10 11 13 15 17 | 17.0
Summonings     | 6 8 11 13 14 17 18 | 18.4
Necromancy     | 7 9 12 15 17 19 21 | 21.5
Transmutations | 6 8 10 13 14 17 18 | 18.4
Fire Magic     | 7 9 12 14 16 18 19 | 19.4
Ice Magic      | 7 9 12 14 16 18 19 | 19.4
Air Magic      | 6 7 10 12 13 15 16 | 16.6
Earth Magic    | 10 12 16 19 21 24 26 | 26.4
Poison Magic   | 6 8 11 13 14 16 18 | 18.0
Invocations    | 10 12 16 19 21 24 26 | 26.4
Evocations     | 10 12 16 19 21 24 26 | 26.4

Action                   |  1- 3 |  4- 6 |  7- 9 | 10-12 | 13-15 | 16-18 | 19-21 | 22-24 | 25-27 || total
-------------------------+-------+-------+-------+-------+-------+-------+-------+-------+-------++-------
Melee: Executioner's axe |     1 |       |       |     2 |     4 |     7 |     8 |    16 |     5 ||    43
 Abil: Heal Wounds       |       |       |       |       |       |       |       |       |     1 ||     1
  Use: Potion            |     1 |       |       |       |       |       |       |       |       ||     1
Armor: Leather armour    |       |       |       |       |       |       |       |     1 |       ||     1
Dodge: Dodged            |       |       |       |       |       |       |       |     1 |       ||     1
